 Dungeon Sprint DCSS version 0.29-a0-775-g4d7333d4e2 (webtiles) character file.

Game seed: 7217137751240884393

17 mhtbhm the Sneak (level 2, -1/13 HPs)
             Began as a Spriggan Enchanter on July 1, 2022.
             Slain by a human (7 damage)
             ... in the Dungeon (Sprint III: "The Ten Rune Challenge").
             The game lasted 00:00:14 (66 turns).

mhtbhm the Sneak (Spriggan Enchanter)                 Turns: 66, Time: 00:00:14

Health: -1/13      AC:  2    Str:  4    XL:     2   Next: 44%
Magic:  5/7        EV: 17    Int: 16    God:
Gold:   17         SH:  0    Dex: 15    Spells: 8/8 levels left

rFire   . . .      SeeInvis +   a - +1 dagger
rCold   . . .      Faith    .   (no shield)
rNeg    . . .      Spirit   .   b - +0 robe
rPois   .          Reflect  .   (helmet restricted)
rElec   .          Harm     .   (no cloak)
rCorr   .          Rampage  .   (gloves unavailable)
Will    .....      NoTele   +   (boots unavailable)
Stlth   +++.......              (no amulet)
HPRegen 0.04/turn               (no ring)
MPRegen 0.10/turn               (no ring)

@: on berserk cooldown, slowed, quick
A: very small, no large weapons, unfitting armour, see invisible, speed 3
a: no special abilities


You were in the Dungeon.
You visited 1 branch You collected 17 gold pieces.

Inventory:

Hand Weapons
 a - a +1 dagger (weapon)
Armour
 b - a +0 robe (worn)
Scrolls
 i - a scroll of blinking
Potions
 c - 2 potions of invisibility
 d - a potion of curing
 e - a potion of heal wounds
 f - a potion of haste
 g - 2 potions of magic


   Skills:
 + Level 1.3 Short Blades
 + Level 3.3 Dodging
 + Level 6.3 Stealth
 + Level 3.8 Spellcasting
 + Level 5.1 Hexes


You had 8 spell levels left.
You didn't know any spells.
Your spell library contained the following spells:

 Spells                   Type           Power      Damage    Failure   Level
 Confusing Touch          Hex            19%        N/A       6%          3
 Tukima's Dance           Hex            19%        N/A       6%          3
 Ensorcelled Hibernation  Hex/Ice        22%        N/A       9%          2
 Dazzling Flash           Conj/Hex       22%        N/A       19%         3


Dungeon Overview and Level Annotations

Branches:
Dungeon (1/1)

Altars:


Innate Abilities, Weirdness & Mutations

You are very small and have problems with some larger weapons.
You are too small for most types of armour.
You have supernaturally acute eyesight. (SInv)
You cover ground extremely quickly. (Speed+++)


Message History

You puncture the wolf!
You kill the wolf!
Your Dodging skill increases to level 3!
Your Stealth skill increases to level 6!
Your Hexes skill increases to level 5!
You have reached level 2!
Unknown command.
You start resting.
You feel a strong urge to attack something.
You start resting.
A human is nearby!
A human is nearby!
A human is nearby!
A human is nearby!
You hit the human.
The human is lightly wounded.
You puncture the human!
The human is heavily wounded.
The human hits you.
You closely miss the human.
The human is heavily wounded.
The human completely misses you.
You puncture the human!
The human is severely wounded.
You hit the human but do no damage.
The human is severely wounded.
The human barely misses you.
You barely miss the human.
The human is severely wounded.
The human hits you.
You closely miss the human.
The human is severely wounded.
You are no longer berserk.
You are exhausted.
You feel yourself slow down.
You hit the human.
The human is almost dead.
The human hits you. The human hits you!
Ouch! That really hurt!
You die...

▓...#......##
▓..##.......# .#
▓##.##.##...# ..#
##.##.###..# #..#
▓#.####.##..# .p.+
▓.###..##..## #...#
▓#.....##..###....#
###..##†..##.....#
##..##...@#......#
#..###..##p#.....#
#).# #..#####....#
▓▓▓▓ ▓▓▓▓ ▓▓▓▓▓


You could see a human.

Vanquished Creatures
  A wolf (D)
  An endoplasm (D)
  3 rats (D)
5 creatures vanquished.

Notes
Turn   | Place    | Note
-------+----------+-------------------------------------------
     0 | D        | mhtbhm the Spriggan Enchanter began the quest for the Orb.
     0 | D        | Reached XP level 1. HP: 9/9 MP: 5/5
    28 | D        | Reached skill level 5 in Stealth
    47 | D        | Noticed a wolf
    55 | D        | Killed a wolf
    56 | D        | Reached skill level 6 in Stealth
    56 | D        | Reached skill level 5 in Hexes
    56 | D        | Reached XP level 2. HP: 13/13 MP: 5/7
    66 | D        | Slain by a human

Illustrated notes

Levels and vault maps discovered:
D:        dungeon_sprint_mu [sprint_mu_entry_cave, sprint_mu_temple_rooms,
          sprint_mu_d1_horrors, sprint_mu_d2_genie, sprint_mu_d3_branching,
          sprint_mu_orc_legion, sprint_mu_elf_gauntlet, sprint_mu_hive_nellie,
          sprint_mu_lair_fedhas, sprint_mu_vaults_butterflies,
          sprint_mu_slime_circle, sprint_mu_shoals_archi,
          sprint_mu_snake_twists, sprint_mu_blade_basic,
          sprint_mu_crypt_chambers, sprint_mu_tomb_spiral,
          sprint_mu_vestibule_basic, sprint_mu_gehenna_hellfire,
          sprint_mu_dis_giant, sprint_mu_tartarus_statrot,
          sprint_mu_cocytus_islands, sprint_mu_zot1]

Skill      XL: |  1 |
---------------+----+-----
Spellcasting   | 3 |  3.8
Hexes          | 5 |  5.1
Stealth        | 6 |  6.3
Dodging        | 3 |  3.3
Short Blades   | |  1.3

Action                   || total
-------------------------++-------
Melee: Dagger            ||    15
  Use: Potion            ||     1
 Stab: Sleeping          ||     3
Dodge: Dodged            ||     7

Table legend: (Time is in decaauts)
 A = Elapsed time spent in this place.
 B = Non-inter-level travel time spent in this place.
 C = Inter-level travel time spent in this place.
 D = Time resting spent in this place.
 E = Time spent auto-exploring this place.
 F = Levels seen in this place.
 G = Mean time per level.
                   A        B        C        D        E       F      G
               +--------+--------+--------+--------+--------+-----+--------+
         Total |     42 |     42 |      0 |      2 |     17 |   1 |   42.0 |
       Dungeon |     42 |     42 |      0 |      2 |     17 |   1 |   42.0 |
               +--------+--------+--------+--------+--------+-----+--------+

Top non-repeatable levels by time:
       D: 42 daAuts
